 Dungeon Crawl Stone Soup version 0.23-a0-629-gae4348f (webtiles) character file.

18189 Gruud the Slinger (level 12, 0/78 HPs)
             Began as a Demonspawn Hunter on Dec 26, 2018.
             Was a High Priest of Okawaru.
             Slain by a four-headed hydra (10 damage)
             ... on level 12 of the Dungeon on Dec 27, 2018.
             The game lasted 01:33:25 (15088 turns).

Gruud the Slinger (Demonspawn Hunter)              Turns: 15088, Time: 01:33:27

Health: 0/78       AC: 25    Str: 17    XL:     12   Next: 25%
Magic:  17/18      EV: 11    Int: 13    God:    Okawaru [*****.]
Gold:   766        SH:  7    Dex: 14    Spells: 8/11 levels left

rFire    . . .     SeeInvis .   a - +1 hunting sling
rCold    + + .     Gourm    .   D - +0 buckler
rNeg     . . .     Faith    .   P - +3 chain mail {rC+}
rPois    .         Spirit   .   (helmet restricted)
rElec    +         Reflect  .   j - +0 cloak
rCorr    .         Harm     .   U - +0 pair of gloves
MR       .....                  w - +0 pair of boots
Stlth    ..........             x - amulet of rage
HPRegen  0.23/turn              (no ring)
MPRegen  0.16/turn              O - ring of protection from cold

@: heroism
A: horns 1, thin metallic scales 3, powered by pain 1, rot immunity
a: Heroism, Finesse, Renounce Religion, Evoke Berserk Rage


You were on level 12 of the Dungeon.
You worshipped Okawaru.
Okawaru was extremely pleased with you.
You were not hungry.

You visited 2 branches of the dungeon, and saw 15 of its levels.

You collected 836 gold pieces.
You spent 70 gold pieces at shops.

Inventory:

Hand Weapons
 a - a +1 hunting sling (weapon)
 b - a +1 flail of draining
 i - a +0 whip of flaming
 k - a +5 falchion of freezing
 r - a +7 long sword
 K - a +2 scimitar of flaming
Missiles
 E - 136 sling bullets (quivered)
Armour
 h - a +3 ring mail of fire resistance
 j - a +0 cloak (worn)
 w - a +0 pair of boots (worn)
 C - a +2 scale mail of cold resistance
 D - a +0 buckler (worn)
 N - a +0 shield
 P - a +3 chain mail of cold resistance (worn)
 U - a +0 pair of gloves (worn)
 W - a +0 plate armour of magic resistance
Jewellery
 x - an amulet of rage (around neck)
 I - an uncursed ring of fire
 O - a ring of protection from cold (right hand)
Wands
 q - a wand of random effects (46)
 s - a wand of flame (2)
 u - a wand of enslavement (8)
 G - a wand of paralysis (35)
 M - a wand of disintegration (10)
 Q - a wand of polymorph (8)
 S - a wand of iceblast (20)
Scrolls
 d - a scroll of fear {unknown}
 e - 3 scrolls of magic mapping
 g - a scroll of acquirement {unknown}
 m - a scroll of enchant armour {unknown}
 n - a scroll of blinking {unknown}
 o - a scroll of random uselessness {unknown}
 p - 7 scrolls of teleportation
 t - a scroll of immolation {unknown}
 y - 4 scrolls of remove curse
 R - a scroll of brand weapon {unknown}
Potions
 c - 2 potions of heal wounds
 l - a potion of cancellation
 v - 5 potions of lignification
 z - 3 potions of resistance
 A - 2 potions of brilliance
 F - a potion of agility
 H - 2 potions of magic {unknown}
 J - 2 potions of flight
 L - 2 potions of invisibility
 T - a potion of haste
 X - a potion of berserk rage {unknown}
 Y - 2 potions of curing
 Z - a potion of mutation {unknown}
Miscellaneous
 V - a box of beasts
Comestibles
 f - 21 rations


   Skills:
 - Level 2.0(7.0) Fighting
 - Level 12.3(17.3) Slings
 - Level 10.0(15.0) Armour
 - Level 1.7(6.7) Dodging
 - Level 0.8(5.8) Stealth
 * Level 8.2(13.2) Shields
 + Level 8.9 Invocations


You had 8 spell levels left.
You knew the following spells:

 Your Spells              Type           Power        Failure   Level  Hunger
a - Regeneration          Chrm/Necr      #.........   100%        3    ####...

Your spell library contained the following spells:

 Spells                   Type           Power        Failure   Level  Hunger
 Animate Skeleton         Necr           N/A          91%         1    ##.....
 Infusion                 Chrm           #...         91%         1    ##.....
 Pain                     Necr           #...         91%         1    ##.....
 Shroud of Golubria       Chrm/Tloc      #.........   97%         2    ###....
 Song of Slaying          Chrm           #.......     97%         2    ###....
 Spectral Weapon          Hex/Chrm       #.......     100%        3    ####...
 Vampiric Draining        Necr           #.........   100%        3    ####...
 Animate Dead             Necr           N/A          100%        4    #####..


Dungeon Overview and Level Annotations

Branches:
Dungeon (14/15)            Temple (1/1) D:4            Lair (0/6) D:11
    Orc (0/2) D:10         Vaults (0/5) D:14

Altars:
Ashenzari
Cheibriados
Dithmenos
Elyvilon
Fedhas
Gozag
Hepliaklqana
Kikubaaqudgha
Makhleb
Nemelex Xobeh
Okawaru
Qazlal
Ru
Sif Muna
Trog
Uskayaw
Vehumet
Wu Jian
Xom
Yredelemnul
Zin
The Shining One
Beogh

Shops:
D:5 }%([

Annotations:
D:9 Gastronok
D:13 Urug


Innate Abilities, Weirdness & Mutations

You have a pair of small horns on your head.
You are completely covered in thin metallic scales. (AC +4, rElec)
You sometimes gain a little power by taking damage.
You are immune to rotting.


Message History

The sling bullet barely misses the four-headed hydra.
The four-headed hydra bites you! x2
* * * LOW HITPOINT WARNING * * *
The four-headed hydra bites you but does no damage. x2
Firing (i - inventory)
E - 138 sling bullets (quivered)
Press: ? - help, Shift-Dir - straight line, f/p - four-headed hydra
Aim: a four-headed hydra (heavily wounded)
You shoot a sling bullet.
The sling bullet hits the four-headed hydra!
The four-headed hydra is heavily wounded.
Firing (i - inventory)
E - 137 sling bullets (quivered)
Press: ? - help, Shift-Dir - straight line, f/p - four-headed hydra
Aim: a four-headed hydra (heavily wounded)
You shoot a sling bullet.
The sling bullet barely misses the four-headed hydra.
The four-headed hydra bites you but does no damage.
The four-headed hydra bites you!
* * * LOW HITPOINT WARNING * * *
The four-headed hydra bites you!
You die...

#.#.# #.#.#
#.#.# #
#.#.# .#
#.#.#..##.
#.........
#.>....#
####......#
#.@.......#
#D##......#
#S ####.#.#
#. .#.# #.
.. . .. ...
# .. .. ..


You could see a four-headed hydra and an adder.

Vanquished Creatures
  A centaur warrior (D:14)
  A two-headed ogre (D:14)
  2 dancing weapons (D:14)
  Erica (D:8)
  A wizard (D:14)
  An unseen horror (D:11)
  Pikel (D:5)
  Joseph (D:8)
  Psyche (D:8)
  An efreet (D:11)
  A komodo dragon (D:14)
  3 trolls (D:14)
  A hornet (D:8)
  Prince Ribbit (D:8)
  6 hippogriffs
  5 slime creatures
  Sigmund (D:6)
  A spriggan (D:9)
  A vampire (D:11)
  A wraith (D:13)
  4 yaks
  2 basilisks
  A steam dragon (D:14)
  2 hungry ghosts
  7 vampire mosquitoes
  Menkaure (D:4)
  Edmund (D:4)
  Duvessa (D:7)
  An acid dragon (D:7)
  A black bear (D:14)
  2 ice beasts
  5 orc warriors
  4 sky beasts
  A slave (D:5)
  A phantom (D:10)
  A necrophage (D:6)
  An eye of draining (D:14)
  2 ogres
  5 centaurs (D:14)
  2 crocodiles
  2 big kobolds
  2 bullfrogs (D:8)
  Dowan (D:7)
  A wyvern zombie (D:6)
  4 scorpions
  A water moccasin skeleton (D:8)
  7 killer bees
  14 wights
  3 centaur zombies
  7 crimson imps
  7 hounds
  A jelly (D:14)
  A quasit (D:14)
  A bullfrog zombie (D:5)
  4 centaur skeletons
  4 orc priests (D:10)
  2 bullfrog skeletons
  7 orc wizards
  Terence (D:2)
  An iguana (D:5)
  9 worker ants
  Robin (D:2)
  2 gnolls
  11 adders
  An ooze (D:5)
  An adder skeleton (D:8)
  2 worms
  A dart slug (D:2)
  7 leopard geckos
  34 orcs
  4 bats
  5 giant cockroaches
  14 goblins
  8 hobgoblins
  11 jackals
  2 quokkas
  8 ball pythons
  4 frilled lizards
  14 kobolds
  7 rats
294 creatures vanquished.

Vanquished Creatures (others)
  2 slaves (D:5)
  A killer bee (D:13)
  A worker ant (D:14)
  A hound skeleton (D:5)
  2 gnolls (D:5)
  A worker ant zombie (D:5)
  A howler monkey skeleton (D:5)
  2 jackals (D:5)
11 creatures vanquished.

Grand Total: 305 creatures vanquished

Notes
Turn   | Place    | Note
-------+----------+-------------------------------------------
     0 | D:1      | Gruud the Demonspawn Hunter began the quest for the Orb.
     0 | D:1      | Reached XP level 1. HP: 16/16 MP: 1/1
   198 | D:1      | Reached skill level 4 in Slings
   255 | D:1      | Gained mutation: You have a pair of small horns on your
                  | head. [demonic ancestry]
   255 | D:1      | Reached XP level 2. HP: 22/22 MP: 2/2
   751 | D:2      | Reached XP level 3. HP: 22/27 MP: 3/3
   934 | D:2      | Noticed Terence
   951 | D:2      | Killed Terence
   951 | D:2      | Reached skill level 5 in Slings
  1113 | D:2      | Noticed Robin
  1192 | D:2      | Gained mutation: You sometimes gain a little power by
                  | taking damage. [demonic ancestry]
  1192 | D:2      | Reached XP level 4. HP: 33/33 MP: 4/4
  1399 | D:2      | Killed Robin
  2514 | D:4      | Reached XP level 5. HP: 38/38 MP: 5/5
  2768 | D:4      | Reached skill level 6 in Slings
  2837 | D:4      | Noticed Edmund
  2871 | D:4      | Killed Edmund
  2871 | D:4      | Gained mutation: You are partially covered in thin metallic
                  | scales. (AC +2) [demonic ancestry]
  2871 | D:4      | Reached XP level 6. HP: 6/44 MP: 6/6
  3251 | D:4      | Reached skill level 7 in Slings
  3468 | D:4      | Found a staircase to the Ecumenical Temple.
  3481 | D:4      | Noticed Menkaure
  3486 | D:4      | Killed Menkaure
  3486 | D:4      | Reached skill level 1 in Shields
  3524 | Temple   | Entered the Ecumenical Temple
  3634 | Temple   | Became a worshipper of Warmaster Okawaru
  3746 | D:4      | Gained mutation: You are mostly covered in thin metallic
                  | scales. (AC +3) [demonic ancestry]
  3746 | D:4      | Reached XP level 7. HP: 50/50 MP: 7/7
  3950 | D:5      | Entered Level 5 of the Dungeon
  4130 | D:5      | Found Nexkenai's Weapon Emporium.
  4143 | D:5      | Found Worhiklu's Armour Emporium.
  4243 | D:5      | Reached skill level 8 in Slings
  4249 | D:5      | Noticed Pikel
  4291 | D:5      | Killed Pikel
  4291 | D:5      | Reached * piety under Okawaru
  4291 | D:5      | Reached XP level 8. HP: 17/56 MP: 8/8
  4319 | D:4      | Reached ** piety under Okawaru
  4319 | D:4      | Reached skill level 9 in Slings
  4351 | D:4      | HP: 2/56 [poisoned by a killer bee]
  5474 | D:5      | Found Xoep's Food Shop.
  5970 | D:5      | Noticed a hippogriff
  5988 | D:5      | Killed a hippogriff
  5988 | D:5      | Reached skill level 10 in Slings
  6058 | D:5      | Found Eqaellol's Gadget Emporium.
  6069 | D:5      | Bought a wand of flame (8) for 70 gold pieces
  6167 | D:5      | Found a sparkling altar of Nemelex Xobeh.
  6258 | D:6      | Noticed Sigmund
  6397 | D:6      | Killed Sigmund
  6397 | D:6      | Reached *** piety under Okawaru
  6397 | D:6      | Gained mutation: You are completely covered in thin
                  | metallic scales. (AC +4, rElec) [demonic ancestry]
  6397 | D:6      | Reached XP level 9. HP: 32/61 MP: 9/9
  6429 | D:6      | Found a shadowy altar of Dithmenos.
  6647 | D:6      | Reached skill level 11 in Slings
  7372 | D:7      | Noticed Dowan
  7372 | D:7      | Noticed Duvessa
  7428 | D:8      | Noticed Erica
  7453 | D:8      | Killed Erica
  7453 | D:8      | Received a gift from Okawaru
  7453 | D:8      | Reached skill level 12 in Slings
  7578 | D:7      | Reached skill level 1 in Armour
  7578 | D:7      | Reached skill level 1 in Invocations
  7718 | D:7      | Learned a level 3 spell: Regeneration
  7946 | D:7      | Killed Duvessa
  7952 | D:7      | Killed Dowan
  8479 | D:8      | Reached **** piety under Okawaru
  8479 | D:8      | Reached XP level 10. HP: 53/67 MP: 10/12
  8539 | D:8      | Paralysed by a hornet for 1 turns
  8889 | D:8      | Noticed Psyche
  8903 | D:8      | Killed Psyche
  9266 | D:8      | Received a gift from Okawaru
  9314 | D:8      | Reached skill level 5 in Invocations
  9428 | D:8      | Noticed Joseph
  9492 | D:8      | Killed Joseph
  9526 | D:8      | Reached skill level 5 in Armour
  9528 | D:8      | Received a gift from Okawaru
  9570 | D:8      | Found a shattered altar of Ashenzari.
  9682 | D:8      | Noticed Prince Ribbit
  9692 | D:8      | Killed Prince Ribbit
 10154 | D:9      | Noticed Gastronok
 10413 | D:9      | Received a gift from Okawaru
 10609 | D:10     | Entered Level 10 of the Dungeon
 10991 | D:10     | Found a staircase to the Orcish Mines.
 11097 | D:10     | Received a gift from Okawaru
 11236 | D:10     | Found a roughly hewn altar of Beogh.
 11804 | D:11     | Gained mutation: You are immune to rotting. [demonic
                  | ancestry]
 11804 | D:11     | Reached XP level 11. HP: 66/72 MP: 14/14
 11861 | D:11     | Found a staircase to the Lair.
 12286 | D:11     | Found a radiant altar of Vehumet.
 12515 | D:11     | Killed an unseen horror
 12828 | D:11     | You fall through a shaft for 3 floors!
 13120 | D:14     | Noticed a centaur warrior
 13155 | D:14     | Killed a centaur warrior
 13155 | D:14     | Reached skill level 10 in Armour
 13163 | D:14     | Reached ***** piety under Okawaru
 13209 | D:13     | Noticed Urug
 13209 | D:13     | Noticed a wizard
 13248 | D:14     | Received a gift from Okawaru
 13480 | D:14     | Reached skill level 5 in Shields
 13515 | D:14     | Noticed a +7 long sword
 13517 | D:14     | Noticed a +6 long sword
 13538 | D:14     | Killed a +7 long sword
 13559 | D:14     | Killed a +6 long sword
 13837 | D:14     | Found a gate to the Vaults.
 13894 | D:14     | Received a gift from Okawaru
 14257 | D:13     | Received a gift from Okawaru
 14512 | D:14     | Received a gift from Okawaru
 14512 | D:14     | Reached XP level 12. HP: 71/78 MP: 17/17
 14615 | D:14     | Noticed a two-headed ogre
 14629 | D:14     | Killed a two-headed ogre
 14706 | D:14     | Received a gift from Okawaru
 14949 | D:13     | Paralysed by a wizard for 2 turns
 15020 | D:13     | Received a gift from Okawaru
 15079 | D:12     | Noticed a four-headed hydra
 15088 | D:12     | Slain by a four-headed hydra

Vault maps used:
D:1:      matt_arrival_refuge, wad_floor_pattern_2, due_unseen_surprise
D:2:      uniq_terence, uniq_robin
D:3:      first_ration
D:4:      minmay_temple_entry_sparse_star, minmay_snake_closets, uniq_edmund,
          uniq_menkaure
D:5:      serial_shops, nicolae_shop_statue_plus, shop, shop,
          kennysheep_mini_moat, nemelex_lonely_heart_becter, uniq_pikel
D:6:      nicolae_dithmenos_through_a_glass_darkly, uniq_sigmund
D:7:      uniq_duvessa
D:8:      lemuel_coloured_pillars_altar, uniq_psyche, uniq_prince_ribbit1,
          uniq_joseph, uniq_erica
D:9:      the_bakery, uniq_gastronok
D:10:     minmay_orc_entry_temple_large
D:11:     cheibrodos_orc_bank, david_lair_generic, basic_altar, serial_curves,
          eino_curves_04, eino_curves_02
D:12:     gammafunk_corrupted_shrine, serial_shops, nicolae_shop_statue_plus,
          basic_altar, uniq_kirke
D:13:     uniq_urug
D:14:     erik_vaults_1, nicolae_two_hexagons, minmay_tree_intersection
Temple:   minmay_crystal_snake_temple

Skill      XL: |  1  2  3  4  5  6  7  8  9 10 11 12 |
---------------+-------------------------------------+-----
Slings         | 4 5 6 7 8 10 12 | 12.3
Shields        | 1 3 4 7 8 |  8.2
Armour         | 2 8 10 | 10.0
Invocations    | 3 5 7 8 |  8.9
Fighting       | |  2.0
Dodging        | |  1.7
Stealth        | |  0.8

Action                   |  1- 3 |  4- 6 |  7- 9 | 10-12 || total
-------------------------+-------+-------+-------+-------++-------
Melee: Short sword       |    40 |       |       |       ||    40
       Headbutt          |     5 |       |     2 |    10 ||    17
       Flail             |       |       |    74 |       ||    74
       Falchion          |       |       |     2 |    45 ||    47
       Hunting sling     |       |       |       |     1 ||     1
 Fire: Hunting sling     |   107 |   238 |   531 |  1166 ||  2042
Invok: Heroism           |       |       |     1 |    22 ||    23
Evoke: Wand              |       |       |     7 |     4 ||    11
  Use: Scroll            |       |       |     8 |     7 ||    15
       Potion            |       |       |     4 |     5 ||     9
  Eat: Chunk             |       |     8 |    11 |    13 ||    32
       Ration            |       |       |     1 |     3 ||     4
Armor: Ring mail         |    34 |    21 |   144 |       ||   199
       Scale mail        |     5 |    24 |       |       ||    29
       Chain mail        |       |       |    13 |   362 ||   375
Dodge: Dodged            |    60 |    55 |   168 |   183 ||   466
Block: Buckler           |       |       |    66 |   125 ||   191

Table legend:
 A = Non-vault XP
 B = Vault XP
 C = Vault XP percentage of total XP
 D = Non-vault monster count
 E = Vault monster count
 F = Vault count percentage of total count
                 A         B        C        D         E       F
            +---------+---------+-------+---------+---------+-------
      Total |   18931 |    7054 |  27.1 |     232 |      62 |  21.1
            +---------+---------+-------+---------+---------+-------
        D:1 |      29 |       0 |   0.0 |      17 |       0 |   0.0
        D:2 |      27 |      70 |  72.2 |      15 |      12 |  44.4
        D:3 |      49 |       0 |   0.0 |      19 |       0 |   0.0
        D:4 |     368 |     414 |  52.9 |      21 |      14 |  40.0
        D:5 |     997 |     607 |  37.8 |      19 |       1 |   5.0
        D:6 |    1010 |     242 |  19.3 |      22 |       1 |   4.3
        D:7 |     394 |     223 |  36.1 |       6 |       2 |  25.0
        D:8 |    1986 |    2074 |  51.1 |      31 |       4 |  11.4
        D:9 |     569 |     224 |  28.2 |      12 |       1 |   7.7
       D:10 |     864 |     633 |  42.3 |      10 |      17 |  63.0
       D:11 |    2103 |     759 |  26.5 |      16 |       8 |  33.3
       D:13 |    1385 |       0 |   0.0 |       6 |       0 |   0.0
       D:14 |    9150 |    1808 |  16.5 |      38 |       2 |   5.0
            +---------+---------+-------+---------+---------+-------
